 Dungeon Crawl Stone Soup version 0.23-a0-139-ga22e90c45f (webtiles) character file.

2348 Napalmbreeze the Covered (level 9, -2/82 HPs)
             Began as a Deep Dwarf Fighter on Aug 30, 2018.
             Was a Follower of Makhleb.
             Killed from afar by a starcursed mass (9 damage)
             ... with an accursed screaming
             ... on level 2 of the Abyss.
             The game lasted 00:12:49 (5753 turns).

Napalmbreeze the Covered (Deep Dwarf Fighter)       Turns: 5753, Time: 00:12:50

Health: -2/82      AC: 11    Str: 20    XL:     9   Next: 20%
Magic:  8/8        EV: 13    Int: 13    God:    Makhleb [*.....]
Gold:   374        SH:  0    Dex: 15    Spells: 8/8 levels left

rFire    . . .     SeeInvis +   w - +10 spear of the Hills {flame, Int+4}
rCold    . . .     Gourm    .   (no shield)
rNeg     . . .     Faith    .   b - +0 scale mail
rPois    .         Spirit   .   e - +0 helmet
rElec    .         Reflect  .   F - scarf {cloud immunity}
rCorr    .         Harm     .   (no gloves)
MR       +....                  (no boots)
Stlth    ..........             (no amulet)
HPRegen  0.00/turn              i - +2 ring of protection
MPRegen  0.11/turn              s - ring of see invisible

@: non-regenerating, diseased
A: damage resistance, heal wounds, sense surroundings 2, no regeneration
a: Heal Wounds, Renounce Religion


You were on level 2 of the Abyss.
You worshipped Makhleb.
Makhleb was aware of your devotion.
You were not hungry.

You visited 2 branches of the dungeon, and saw 8 of its levels.
You visited the Abyss 1 time.

You collected 374 gold pieces.

Inventory:

Hand Weapons
 v - a +2 war axe of chopping
 w - the +10 spear of the Hills (weapon) {flame, Int+4}
   (You took it off an orc on level 5 of the Dungeon)

   It has been specially enchanted to burn those struck by it, causing extra
   injury to most foes and up to half again as much damage against particularly
   susceptible opponents.
   It affects your intelligence (+4).
Armour
 b - a +0 scale mail (worn)
 c - a +0 shield
 e - a +0 helmet (worn)
 F - a scarf of cloud immunity (worn)
Jewellery
 i - a +2 ring of protection (left hand)
 o - a cursed ring of attention {unknown}
 s - a ring of see invisible (right hand)
Wands
 B - a wand of polymorph (14)
Scrolls
 a - 2 scrolls of amnesia {unknown}
 g - a scroll of immolation {unknown}
 h - 5 scrolls of remove curse {unknown}
 j - 5 scrolls of teleportation
 k - 6 scrolls of identify
 m - 2 scrolls of magic mapping {unknown}
 r - 3 scrolls of fear {unknown}
 t - a scroll of noise {unknown}
 x - a scroll of fog {unknown}
 y - 3 scrolls of enchant weapon {unknown}
 A - a scroll of brand weapon {unknown}
 E - a scroll of enchant armour {unknown}
Potions
 d - 2 potions of might
 l - 2 potions of flight {unknown}
 n - 2 potions of curing {unknown}
 p - 5 potions of heal wounds {unknown}
 q - a potion of resistance {unknown}
 u - 2 potions of agility {unknown}
 z - a potion of degeneration {unknown}
 D - a potion of haste {unknown}
Comestibles
 f - 12 rations


   Skills:
 + Level 5.7 Fighting
 - Level 2.3(5.7) Axes
   Level 4.0(4.2) Maces & Flails
 * Level 5.6(5.8) Polearms
 + Level 7.0 Armour
 + Level 5.9 Dodging
 - Level 3.2 Shields


You had 8 spell levels left.
You didn't know any spells.
Your spell library contained the following spells:

 Spells                   Type           Power        Failure   Level  Hunger
 Magic Dart               Conj           #...         61%         1    ##.....
 Searing Ray              Conj           #.....       75%         2    ###....
 Dazzling Spray           Conj/Hex       #.....       93%         3    ####...
 Force Lance              Conj/Tloc      #.......     100%        4    #####..
 Fulminant Prism          Conj/Hex       #.........   100%        4    #####..
 Iskenderun's Mystic Bla  Conj           #.......     100%        4    #####..


Dungeon Overview and Level Annotations

Branches:
Dungeon (7/15)             Temple (1/1) D:5

Altars:
Ashenzari
Dithmenos
Elyvilon
Fedhas
Gozag
Hepliaklqana
Makhleb
Nemelex Xobeh
Okawaru
Qazlal
Ru
Trog
Uskayaw
Wu Jian
Xom
Yredelemnul
The Shining One

Annotations:
D:2 Natasha
D:7 Harold


Innate Abilities, Weirdness & Mutations

You are resistant to damage.
You can heal yourself by infusing magical energy.
You passively map the area around you.
You do not regenerate.


Message History

You fail to use your ability.
The raiju bursts into living lightning!
The living lightning hits you!
The raiju blinks!
The raiju bites you but does no damage.
A starcursed mass splits.
A starcursed mass splits.
The raiju bites you. The raiju shocks you!
* * * LOW HITPOINT WARNING * * *
You feel ill.
A deafening chorus of shrieks assaults your mind!
* * * LOW HITPOINT WARNING * * *
You suddenly lose the ability to move!
You can move again.
You feel much better. The large abomination hits you!
* * * LOW HITPOINT WARNING * * *
The raiju completely misses you.
The starcursed mass engulfs you but does no damage.
The raiju bites you but does no damage. The raiju bites you.
The raiju shocks you!
* * * LOW HITPOINT WARNING * * *
A deafening chorus of shrieks assaults your mind!
You die...

# #. ##.. ##.## . ###.
#...#......... .
...#####... ###...#
...#...........## #
#.#.####.##....#. #
#...## # ###.#..#.
###.####...###.# #. .#
# .....hX.hhx...#
?.....#
#.X.XXXX@.#####.#....#
#..######.# # ##. .#.#
#. .# .# ..##. .#
####.. .# ...
.......## . ._## #.#.
.# . ..#. .# . # ..#
#.#.#.##. #. . .


You could see 5 starcursed masses, an ancient zyme, a large abomination and 3
raiju.

Vanquished Creatures
  3 humans (D:6)
  An orc warrior (D:5)
  2 sky beasts (D:6)
  3 ogres (D:6)
  A phantom (D:7)
  A centaur (D:5)
  A bullfrog (D:6)
  2 scorpions
  4 wights (D:6)
  2 howler monkeys
  3 crimson imps
  2 hounds
  An orc priest (D:5)
  2 iguanas (D:6)
  Natasha (D:2)
  7 orc wizards
  3 worker ants
  12 gnolls
  6 adders
  2 shadow imps
  4 oozes
  2 worms (D:2)
  A dart slug (D:1)
  A leopard gecko (D:1)
  17 orcs
  4 ball pythons
  7 bats
  7 giant cockroaches
  13 goblins
  7 hobgoblins
  3 jackals (D:1)
  3 quokkas
  6 frilled lizards
  4 kobolds
  9 rats
  A plant (D:2)
148 creatures vanquished.

Notes
Turn   | Place    | Note
-------+----------+-------------------------------------------
     0 | D:1      | Napalmbreeze the Deep Dwarf Fighter began the quest for the
                  | Orb.
     0 | D:1      | Reached XP level 1. HP: 20/20 MP: 1/1
    58 | D:1      | Reached XP level 2. HP: 24/27 MP: 2/2
   279 | D:1      | Reached skill level 1 in Dodging
   334 | D:1      | Reached XP level 3. HP: 28/33 MP: 3/3
   728 | D:2      | Found a sacrificial altar of Ru.
   945 | D:2      | Found a shadowy altar of Dithmenos.
  1017 | D:2      | Found a sparkling altar of Nemelex Xobeh.
  1089 | D:2      | Reached XP level 4. HP: 20/42 MP: 4/4
  1195 | D:2      | Noticed Natasha
  1201 | D:2      | Killed Natasha
  1228 | D:2      | Noticed Natasha
  1332 | D:2      | Reached skill level 4 in Armour
  1443 | D:2      | Reached XP level 5. HP: 42/49 MP: 5/5
  1445 | D:2      | Found a shimmering altar of Xom.
  1922 | D:3      | Found a shattered altar of Ashenzari.
  2052 | D:3      | Found a glowing golden altar of the Shining One.
  2562 | D:4      | Found a hide-covered altar of Uskayaw.
  2562 | D:4      | Noticed a hand axe
  2562 | D:4      | Noticed a dagger
  2614 | D:4      | Reached XP level 6. HP: 35/57 MP: 6/6
  2750 | D:4      | Reached skill level 1 in Axes
  2768 | D:4      | Found a blossoming altar of Fedhas.
  3153 | D:5      | Entered Level 5 of the Dungeon
  3204 | D:5      | Found an ornate altar of the Wu Jian Council.
  3332 | D:5      | Got a transparent spear {flame}
  3336 | D:5      | Identified the +10 spear of the Hills {flame, Int+4} (You
                  | took it off an orc on level 5 of the Dungeon)
  3396 | D:5      | Found a staircase to the Ecumenical Temple.
  3405 | Temple   | Entered the Ecumenical Temple
  3434 | Temple   | Became a worshipper of Makhleb the Destroyer
  3550 | D:5      | Reached skill level 5 in Armour
  3550 | D:5      | Reached XP level 7. HP: 47/64 MP: 6/6
  3674 | D:5      | Reached skill level 1 in Polearms
  4449 | D:6      | Reached XP level 8. HP: 39/73 MP: 7/7
  4471 | D:6      | Found a hazy altar of Hepliaklqana.
  4579 | D:6      | Reached * piety under Makhleb
  4604 | D:6      | Reached skill level 6 in Armour
  4682 | D:6      | Reached skill level 5 in Fighting
  4785 | D:6      | Reached skill level 5 in Dodging
  4859 | D:6      | Reached skill level 5 in Polearms
  4869 | D:6      | Gained mutation: You passively map the area around you.
                  | [Deep Dwarf growth]
  4869 | D:6      | Reached XP level 9. HP: 45/81 MP: 8/8
  5439 | D:7      | Noticed Harold
  5667 | D:7      | Reached skill level 7 in Armour
  5669 | D:7      | Cast into level 2 of the Abyss (Harold)
  5710 | Abyss:2  | Noticed an ancient zyme
  5747 | Abyss:2  | Found a corrupted altar of Lugonu.
  5747 | Abyss:2  | Noticed a starcursed mass
  5751 | Abyss:2  | HP: 4/82 [starcursed mass/accursed screaming (8)]
  5751 | Abyss:2  | Paralysed by accursed screaming for 1 turns
  5753 | Abyss:2  | Killed from afar by a starcursed mass

Vault maps used:
D:1:      eino_arrival_druids_welcome
D:2:      overflow_temple_1_default, tgw_xom, lemuel_doored_altar,
          lemuel_coloured_pillars_altar, serial_forest,
          infiniplex_forest_straight_4, infiniplex_forest_straight_3,
          infiniplex_forest_lined_room_, infiniplex_forest_clump_long,
          infiniplex_forest_clump_curved, infiniplex_forest_end_3,
          infiniplex_forest_clump_small, infiniplex_forest_corner_1,
          uniq_natasha
D:3:      old_standard_altar, lemuel_crystal_altar
D:4:      kennysheep_little_box, dancing_weapons_uskayaw, first_ration
D:5:      old_standard_altar, minmay_temple_entry_statues_pillars
D:6:      nicolae_overflow_crystal_walls, minmay_ruffians
D:7:      the_bakery, uniq_crazy_yiuf_cottage, uniq_harold
Temple:   cyrus_temple_forest

Skill      XL: |  1  2  3  4  5  6  7  8  9 |
---------------+----------------------------+-----
Dodging        | 1 2 3 4 5 |  5.9
Fighting       | 3 4 5 |  5.7
Maces & Flails | 3 4 |  4.0
Armour         | 4 5 6 7 |  7.0
Axes           | 2 |  2.3
Polearms       | 3 5 |  5.6
Shields        | |  3.2

Action                   |  1- 3 |  4- 6 |  7- 9 || total
-------------------------+-------+-------+-------++-------
Melee: Flail             |   155 |    92 |       ||   247
       War axe           |       |    76 |       ||    76
       Spear             |       |     7 |   181 ||   188
 Abil: Heal Wounds       |       |     2 |     8 ||    10
  Use: Scroll            |       |     2 |       ||     2
  Eat: Chunk             |     1 |     7 |     3 ||    11
       Ration            |       |       |     2 ||     2
Armor: Scale mail        |    90 |    89 |    52 ||   231
Dodge: Dodged            |    87 |    86 |    99 ||   272
Block: Shield            |    44 |       |       ||    44

Table legend:
 A = Non-vault XP
 B = Vault XP
 C = Vault XP percentage of total XP
 D = Non-vault monster count
 E = Vault monster count
 F = Vault count percentage of total count
                 A         B        C        D         E       F
            +---------+---------+-------+---------+---------+-------
      Total |    2715 |     640 |  19.1 |     141 |       6 |   4.1
            +---------+---------+-------+---------+---------+-------
        D:1 |      48 |       0 |   0.0 |      27 |       0 |   0.0
        D:2 |     103 |      64 |  38.3 |      20 |       3 |  13.0
        D:3 |     125 |       0 |   0.0 |      22 |       0 |   0.0
        D:4 |     228 |       0 |   0.0 |      18 |       0 |   0.0
        D:5 |     726 |       0 |   0.0 |      24 |       0 |   0.0
        D:6 |    1277 |     576 |  31.1 |      26 |       3 |  10.3
        D:7 |     208 |       0 |   0.0 |       4 |       0 |   0.0
            +---------+---------+-------+---------+---------+-------
